 Dungeon Crawl Stone Soup version 0.24.0-13-gcf9b3192b9 (webtiles) character file.

Game seed: 17219632178921681455, levelgen mode: deterministic

8831 Iamsoldier the Geomancer (level 11, 0/64 HPs)
             Began as a Gargoyle Earth Elementalist on Nov 8, 2019.
             Was a Priest of Vehumet.
             Slain by a sun demon (7 damage)
             ... summoned by a deep elf mage
             ... in a bailey.
             The game lasted 00:51:27 (14079 turns).

Iamsoldier the Geomancer (GrEE)                    Turns: 14079, Time: 00:51:28

Health: 0/64       AC: 15    Str: 19    XL:     11   Next: 37%
Magic:  0/22       EV: 13    Int: 22    God:    Vehumet [***...]
Gold:   630        SH:  0    Dex: 10    Spells: 16/25 levels left

rFire    . . .     SeeInvis .   K - +3 mace of Insufficient Pleasure {drain, rPois Str+4 Int+2}
rCold    . . .     Gourm    +   (no shield)
rNeg     + . .     Faith    .   c - +0 robe
rPois    ∞         Spirit   .   a - +0 helmet
rElec    +         Reflect  .   I - +0 cloak of the Carpenter {Int+2}
rCorr    +         Harm     .   u - +0 pair of gloves
MR       .....                  n - +0 pair of boots
Stlth    ++........             s - amulet of the gourmand
HPRegen  0.20/turn              t - ring of resist corrosion
MPRegen  0.18/turn              D - +2 ring of strength

@: vulnerable, lightly drained
A: negative energy resistance 1, electricity resistance, unbreathing,
petrification resistance, rot immunity, AC +8
a: Renounce Religion


You were in a bailey.
You worshipped Vehumet.
Vehumet was most pleased with you.
You were very full.

You visited 2 branches of the dungeon, and saw 11 of its levels.
You also visited: Bailey.

You collected 630 gold pieces.

Inventory:

Hand Weapons
 K - the +3 mace of Insufficient Pleasure (weapon) {drain, rPois Str+4 Int+2}
   (You took it off an orc warrior on level 8 of the Dungeon)

   A truly terrible weapon, it drains the life of those it strikes.
   It affects your strength (+4).
   It affects your intelligence (+2).
   It protects you from poison.
Missiles
 b - 9 stones (quivered)
Armour
 a - a +0 helmet (worn)
 c - a +0 robe (worn)
 n - a +0 pair of boots (worn)
 u - a +0 pair of gloves (worn)
 I - the +0 cloak of the Carpenter (worn) {Int+2}
   (You found it on level 8 of the Dungeon)

   It affects your intelligence (+2).
Magical Staves
 j - an uncursed staff of earth
Jewellery
 s - an amulet of the gourmand (around neck)
 t - a ring of resist corrosion (left hand)
 D - a +2 ring of strength (right hand)
 H - a cursed +5 ring of evasion
Wands
 e - a wand of iceblast (10)
 v - a wand of flame (6)
 C - a wand of disintegration (5)
Scrolls
 i - 7 scrolls of teleportation
 o - a scroll of magic mapping {unknown}
 y - 2 scrolls of identify
 A - a scroll of blinking {unknown}
 G - a scroll of enchant weapon {unknown}
 J - 2 scrolls of enchant armour {unknown}
Potions
 d - 2 potions of flight {unknown}
 f - 2 potions of brilliance {unknown}
 g - 2 potions of berserk rage {unknown}
 h - a potion of might {unknown}
 k - a potion of cancellation {unknown}
 l - 4 potions of agility
 m - a potion of mutation {unknown}
 q - a potion of resistance {unknown}
 r - 5 potions of curing
 w - 5 potions of degeneration {unknown}
 x - 2 potions of lignification {unknown}
 z - a potion of ambrosia {unknown}
 B - a potion of magic {unknown}
 F - 2 potions of invisibility {unknown}
Comestibles
 p - 16 rations
 L - 3 chunks of flesh


   Skills:
 + Level 5.5(5.2) Fighting
 + Level 1.8(3.1) Maces & Flails
 - Level 4.5(4.4) Staves
 + Level 5.5(5.2) Armour
 + Level 4.6(4.4) Dodging
 - Level 2.8(2.6) Stealth
 - Level 0.4(0.1) Unarmed Combat
 * Level 7.5(7.2) Spellcasting
 + Level 6.5(6.2) Conjurations
   Level 0.7(0.4) Transmutations
 * Level 10.1(9.8) Earth Magic
 + Level 4.5(4.2) Evocations


You had 16 spell levels left.
You knew the following spells:

 Your Spells              Type           Power        Failure   Level  Hunger
a - Sandblast             Erth           ######       1%          1    None
b - Stone Arrow           Conj/Erth      #####.       1%          3    None
c - Lee's Rapid Deconstr  Erth           ######....   1%          5    #####..

Your spell library contained the following spells:

 Spells                   Type           Power        Failure   Level  Hunger
 Dazzling Spray           Conj/Hex       ###...       1%          3    None
 Passwall                 Tmut/Erth      ####....     1%          2    None
 Petrify                  Tmut/Erth      ####....     10%         4    ###....


Dungeon Overview and Level Annotations

Branches:
Dungeon (10/15)            Temple (1/1) D:4          Bailey (1/1)
   Lair: D:8-11         Orc: D:9-12

Altars:
Ashenzari
Cheibriados
Dithmenos
Elyvilon
Fedhas
Gozag
Hepliaklqana
Kikubaaqudgha
Makhleb
Nemelex Xobeh
Okawaru
Qazlal
Ru
Sif Muna
Trog
Uskayaw
Vehumet
Wu Jian
Xom
Yredelemnul
Zin
The Shining One
Beogh


Innate Abilities, Weirdness & Mutations

You are resistant to torment.
Your stone body is resilient. (AC +8)
You are immune to poison.
You resist negative energy. (rN+)
You are resistant to electric shocks. (rElec)
You can survive without breathing.
You are immune to petrification.
You are immune to rotting.


Message History

You partially resist.
You feel drained.
* * * LOW HITPOINT WARNING * * *
Press: ? - help, v - describe, . - travel The floor.
Unknown command.
Okay, then.
Evoke which item? (* to show all) (? for menu, Esc to quit)
Okay, then.
Casting: Sandblast (safe; 1% risk of failure)
Confirm with . or Enter, or press ? or * to list all spells.
You don't know that spell.
Unknown command.
Okay, then.
Okay, then.
Okay, then.
As you read the scroll labeled SORIKONASH, it crumbles to dust.
Magic quickly surges around you.
It was a scroll of vulnerability.
The smoke demon hits you but does no damage. x3
The sun demon hits you!
You die...

#####
######...##
##..##..3..#
#....#.e3@.#
#....##...##
..
##.)##3######.
###...###...##
#...).#.....#
#..∩..#.e...#
#.....#.....#
##....#....#
#####e#


You could see a soul eater, a sun demon, a deep elf mage and a smoke demon.

Vanquished Creatures
  The ghost of Ikynus the Covered, a novice GnWn of Vehumet (D:8)
  5 deep elf magi (Bailey)
  Maurice (D:7)
  3 hippogriffs
  A wyvern (D:7)
  7 yaks (D:9)
  Grum (D:8)
  A water moccasin (D:8)
  An ice beast (D:5)
  3 sky beasts
  4 orc warriors
  An eye of draining (D:9)
  7 ogres
  A phantom (D:6)
  4 wolves
  4 centaurs
  A big kobold (D:5)
  A scorpion (D:8)
  6 killer bees (D:9)
  A wight (D:6)
  2 howler monkeys
  4 crimson imps
  A centaur zombie (D:6)
  3 jellies
  2 quasits
  7 orc priests
  2 bullfrog skeletons
  3 hounds
  4 orc wizards
  Natasha (thrice) (D:2)
  5 iguanas
  5 worker ants
  A killer bee zombie (D:6)
  2 hound skeletons
  A worker ant zombie (D:7)
  A howler monkey zombie (D:9)
  6 adders
  A shadow imp (D:6)
  4 oozes
  An adder zombie (D:5)
  3 worms
  6 leopard geckos
  25 orcs
  4 giant cockroaches
  14 goblins
  11 hobgoblins
  4 jackals
  15 kobolds
  A quokka (D:6)
  11 bats
  4 frilled lizards
  A quokka zombie (D:5)
  8 rats
219 creatures vanquished.

Vanquished Creatures (collateral kills)
  An orc warrior (D:6)
  A jelly (D:6)
2 creatures vanquished.

Grand Total: 221 creatures vanquished

Notes
Turn   | Place    | Note
-------+----------+-------------------------------------------
     0 | D:1      | Iamsoldier the Gargoyle Earth Elementalist began the quest
                  | for the Orb.
     0 | D:1      | Reached XP level 1. HP: 10/10 MP: 3/3
   715 | D:1      | Reached XP level 2. HP: 11/15 MP: 5/5
   716 | D:1      | Reached skill level 4 in Earth Magic
   989 | D:1      | Reached XP level 3. HP: 13/19 MP: 4/6
   994 | D:1      | Learned a level 3 spell: Stone Arrow
  1915 | D:2      | Reached skill level 1 in Conjurations
  2108 | D:2      | Reached XP level 4. HP: 24/24 MP: 4/7
  2135 | D:2      | Noticed Natasha
  2142 | D:2      | Killed Natasha
  2165 | D:2      | Noticed Natasha
  2173 | D:2      | Killed Natasha
  2408 | D:2      | Noticed Natasha
  2417 | D:2      | Killed Natasha
  2417 | D:2      | Reached XP level 5. HP: 28/28 MP: 3/9
  2424 | D:2      | Learned a level 5 spell: Lee's Rapid Deconstruction
  2531 | D:2      | Reached skill level 5 in Earth Magic
  4167 | D:3      | Noticed an ogre
  4169 | D:3      | Killed an ogre
  4169 | D:3      | Reached XP level 6. HP: 32/32 MP: 3/11
  4511 | D:3      | Found a shadowy altar of Dithmenos.
  4606 | D:4      | Found a staircase to the Ecumenical Temple.
  4616 | Temple   | Entered the Ecumenical Temple
  4624 | Temple   | Became a worshipper of Vehumet
  5044 | D:4      | Found an iron altar of Okawaru.
  5056 | D:4      | Reached XP level 7. HP: 37/37 MP: 7/12
  5223 | D:4      | Found a glowing silver altar of Zin.
  5936 | D:5      | Entered Level 5 of the Dungeon
  5978 | D:5      | Found a shimmering altar of Xom.
  6017 | D:5      | Reached skill level 1 in Fighting
  6017 | D:5      | Reached skill level 1 in Staves
  6017 | D:5      | Reached skill level 1 in Armour
  6026 | D:5      | Reached skill level 1 in Evocations
  6489 | D:5      | Reached skill level 6 in Earth Magic
  6692 | D:5      | Reached * piety under Vehumet
  6692 | D:5      | Offered knowledge of Shock by Vehumet.
  6743 | D:5      | Reached XP level 8. HP: 44/44 MP: 5/14
  6818 | D:5      | Found an opulent altar of Gozag.
  6845 | D:5      | Found a glowing golden altar of the Shining One.
  8338 | D:6      | Reached skill level 7 in Earth Magic
  8922 | D:7      | Noticed a hippogriff
  8932 | D:7      | Killed a hippogriff
  8932 | D:7      | Reached skill level 5 in Spellcasting
  8932 | D:7      | Reached XP level 9. HP: 50/50 MP: 3/16
 10171 | D:8      | Noticed Grum
 10383 | D:8      | Noticed Maurice
 10390 | D:7      | Reached skill level 5 in Conjurations
 10523 | D:8      | Killed Grum
 10581 | D:7      | Killed Maurice
 10581 | D:7      | Reached ** piety under Vehumet
 10581 | D:7      | Reached skill level 8 in Earth Magic
 10691 | D:8      | Offered knowledge of Magic Dart by Vehumet.
 10703 | D:8      | Reached XP level 10. HP: 43/56 MP: 5/19
 11169 | D:8      | Found a runed translucent gate.
 11170 | D:8      | Found a runed translucent gate.
 11171 | D:8      | Found a roughly hewn altar of Beogh.
 11171 | D:8      | Found a runed translucent gate.
 11171 | D:8      | Noticed Ikynus's ghost (novice GnWn)
 11173 | D:8      | Identified the +3 mace of Insufficient Pleasure {drain,
                  | rPois Str+4 Int+2}
 11173 | D:8      | Identified the cursed +0 chain mail of Sif Muna's
                  | Generosity {Slay+2}
 12322 | D:9      | Reached skill level 9 in Earth Magic
 12331 | D:9      | Found a white marble altar of Elyvilon.
 12732 | D:8      | Offered knowledge of Dazzling Spray by Vehumet.
 12757 | D:8      | Killed Ikynus's ghost
 12757 | D:8      | Reached skill level 5 in Fighting
 12769 | D:8      | Reached skill level 5 in Armour
 13009 | D:8      | Identified the +0 cloak of the Carpenter {Int+2} (You found
                  | it on level 8 of the Dungeon)
 13411 | D:9      | Reached *** piety under Vehumet
 13542 | D:9      | Reached XP level 11. HP: 63/63 MP: 2/21
 13772 | D:10     | Entered Level 10 of the Dungeon
 13910 | D:10     | Found a flagged portal.
 13921 | D:10     | Reached skill level 1 in Maces & Flails
 13972 | Bailey   | Entered a bailey
 13978 | Bailey   | Noticed a deep elf mage
 13981 | Bailey   | Killed a deep elf mage
 14042 | Bailey   | Noticed a deep elf mage
 14044 | Bailey   | Noticed a deep elf mage
 14044 | Bailey   | Noticed a deep elf mage
 14044 | Bailey   | Noticed a deep elf mage
 14044 | Bailey   | Noticed a deep elf mage
 14047 | Bailey   | Killed a deep elf mage
 14048 | Bailey   | Killed a deep elf mage
 14048 | Bailey   | Reached skill level 10 in Earth Magic
 14048 | Bailey   | Killed a deep elf mage
 14050 | Bailey   | Noticed a deep elf mage
 14058 | Bailey   | Killed a deep elf mage
 14069 | Bailey   | Noticed a soul eater
 14070 | Bailey   | Noticed a sun demon
 14079 | Bailey   | Slain by a sun demon

Levels and vault maps discovered:
D:1:      dpeg_arrival_chase, layout_basic, grunt_decor_cap
D:2:      layout_loops_ring, first_ration, kennysheep_generic_room_6,
          uniq_natasha
D:3:      layout_basic, lemuel_coloured_pillars_altar, minmay_quadrilaterals
D:4:      layout_rooms, zin_treasury, temple_statues, okawaru_metal_pillars_1_2
D:5:      layout_basic, lemuel_crystal_altar, basic_altar, gup_sewer_entry_pipe,
          corexii_shack, hangedman_abyss_or_decor_stabs, lemuel_altar_in_water
D:6:      wad_guarded_room, layout_basic, chequers_serial_rivers_micro_e
D:7:      layout_loops_ring
D:8:      layout_rooms, biasface_ghost_orc_armoury, uniq_grum, uniq_maurice
D:9:      layout_basic, nicolae_overflow_crystal_walls
D:10:     layout_gridville, david_lair_generic, enter_bailey_3, basic_altar,
          serial_shops, nicolae_shop_window_shopping, hangedman_stone_soup,
          lemuel_blue_sif_altar
Temple:   nicolae_temple_no_exploring_needed
Bailey:   bailey_polearm_3, bailey

Skill      XL: |  1  2  3  4  5  6  7  8  9 10 11 |
---------------+----------------------------------+-----
Earth Magic    | 4 5 6 7 8 9 10 | 10.1
Conjurations   | 1 2 3 4 5 6 |  6.5
Spellcasting   | 3 4 5 6 7 |  7.5
Dodging        | 2 3 4 |  4.6
Fighting       | 2 3 4 5 |  5.5
Staves         | 2 3 4 |  4.5
Armour         | 2 3 4 5 |  5.5
Evocations     | 1 2 3 4 |  4.5
Maces & Flails | 1 |  1.8
Stealth        | |  2.8
Unarmed Combat | |  0.4
Transmutations | |  0.7

Action                   |  1- 3 |  4- 6 |  7- 9 | 10-12 || total
-------------------------+-------+-------+-------+-------++-------
Melee: Unarmed           |    18 |       |       |       ||    18
       Dagger            |    72 |       |       |       ||    72
       Whip              |     2 |   108 |       |       ||   110
       Staff             |       |    53 |    86 |    14 ||   153
       Mace              |       |       |       |    18 ||    18
 Cast: Sandblast         |    19 |    40 |    73 |    61 ||   193
       Stone Arrow       |       |     4 |    22 |    31 ||    57
       Lee's Rapid Decon |       |       |    20 |    20 ||    40
  Use: Scroll            |       |     2 |     7 |     3 ||    12
       Potion            |       |       |     1 |     5 ||     6
 Stab: Sleeping          |     5 |     6 |     1 |       ||    12
  Eat: Chunk             |     2 |    19 |    26 |    16 ||    63
       Ration            |     1 |       |       |       ||     1
Armor: Robe              |    35 |    76 |    59 |    55 ||   225
Dodge: Dodged            |    71 |   122 |    96 |    88 ||   377
